 Dungeon Crawl Stone Soup version 0.13.0-59-g13bd910 (webtiles) character file.

2483 Chiseanne the Caller (level 8, -4/59 HPs)
             Began as a Demigod Summoner on Nov 22, 2013.
             Slain by Joseph
             ... wielding a +0,+0 quarterstaff
              (13 damage)
             ... on Level 7 of the Dungeon.
             The game lasted 00:42:05 (10612 turns).

Chiseanne the Caller (Demigod Summoner)            Turns: 10612, Time: 00:42:05

HP  -4/59        AC  7     Str 16      XL: 8   Next: 70%
MP   4/22        EV 14     Int 23      God:
Gold 491         SH  0     Dex 16      Spells:  4 memorised,  4 levels left

Res.Fire  : . . .   See Invis. : .   e - +2 spear (venom)
Res.Cold  : + . .   Warding    : .   o - +2 robe {rC+}
Life Prot.: . . .   Conserve   : +   (no shield)
Res.Poison: .       Res.Corr.  : .   (no helmet)
Res.Elec. : .       Clarity    : .   (no cloak)
Sust.Abil.: . .     Spirit.Shd : .   g - +2 pair of orc gauntlets
Res.Mut.  : .       Rnd.Telep. : +   (no boots)
Res.Rott. : .       Flight     : .   r - amulet of conservation
Saprovore : . . .                    (no ring)
                                     (no ring)

@: mighty, quite resistant to hostile enchantments, fairly stealthy
A: magic resistance 1, teleportitis 1, Str -2
a: no special abilities


You were on level 7 of the Dungeon.
You were not hungry.

You visited 2 branches of the dungeon, and saw 8 of its levels.

You collected 471 gold pieces.

Inventory:

Hand weapons
 e - a +2,+2 spear of venom (weapon)
 f - a +2,+0 whip of electrocution
Missiles
 i - 3 darts (quivered)
Armour
 g - a +2 pair of orcish gauntlets (worn)
 o - a +2 robe of cold resistance (worn)
Magical devices
 a - a wand of disintegration (11)
 n - a wand of slowing (0)
 s - a wand of polymorph (5)
 t - a wand of enslavement (8)
 u - a wand of slowing (18)
Comestibles
 c - 5 bread rations
Scrolls
 d - 5 scrolls of remove curse
 j - 9 scrolls of identify
 k - 2 scrolls of enchant armour
 m - a scroll of amnesia
Jewellery
 r - an amulet of conservation (around neck)
Books
 b - a book of Callings

   Spells                             Type                      Level
   Summon Small Mammal                Summoning                    1
   *Call Imp                          Summoning                    2
   *Call Canine Familiar              Summoning                    3
   *Summon Scorpions                  Summoning/Poison             4
   *Summon Ice Beast                  Ice/Summoning                4


   Skills:
 * Level 2.9 Fighting
 * Level 3.0 Polearms
 * Level 3.0 Armour
 * Level 4.1 Dodging
 - Level 1.7 Stealth
 * Level 5.3 Spellcasting
 * Level 6.9 Summonings


You had 4 spell levels left.
You knew the following spells:

 Your Spells              Type           Power        Failure   Level  Hunger
a - Call Imp              Summ           #####.....   1%          2    None
b - Call Canine Familiar  Summ           #####.....   1%          3    ##.....
c - Summon Ice Beast      Ice/Summ       ###.......   24%         4    ####...
d - Summon Scorpions      Summ/Pois      ###.......   24%         4    ####...


Dungeon Overview and Level Annotations

Branches:
Dungeon (7/27)             Temple (1/1) D:4
    Orc: D:6-11

Annotations:
D:7 Joseph


Innate Abilities, Weirdness & Mutations

You are resistant to hostile enchantments.
Space occasionally distorts in your vicinity.
You are weak. (Str -2)


Message History

Joseph hits your shadow imp with an uncursed quarterstaff!
Your shadow imp dies!
Your white imp hits Joseph but does no damage.
Joseph hits your white imp with an uncursed quarterstaff!
Your white imp dies!
Joseph unwields an uncursed quarterstaff.
Joseph wields an uncursed sling.
Joseph shoots a sling bullet of flame.
The sling bullet of flame hits you!
* * * LOW HITPOINT WARNING * * *
You see here 2 sling bullets of flame.
You miss the crimson imp. The crimson imp closely misses you.
Joseph shoots a sling bullet of flame.
The sling bullet of flame hits you!
* * * LOW HITPOINT WARNING * * *
Drink which item? (? for menu, Esc to quit)
You feel very mighty all of a sudden. The crimson imp hits you.
* * * LOW HITPOINT WARNING * * *
Joseph unwields an uncursed sling.
Joseph wields an uncursed quarterstaff.
Joseph hits you with an uncursed quarterstaff!
You die...

. . #.. ... #... ....
#.... .....
##.....#########.......
.......@@5..%..........
.....##############....
. #....# #....# #....#
#....# #....#
.##############....#
...................#


You could see Joseph and a crimson imp.

Vanquished Creatures
  Pikel (D:6)
  Grinder (D:6)
  2 phantoms
  2 slaves
  An ogre (D:6)
  Duvessa (D:6)
  4 giant frogs
  A hound (D:7)
  A giant frog zombie (D:6)
  3 orc priests (D:6)
  A scorpion (D:6)
  An orc wizard (D:6)
  A gnoll (D:3)
  2 adders (D:3)
  A giant mite (D:3)
  2 worms (D:3)
  A giant eyeball (D:6)
  5 giant geckos
  An ooze (D:3)
  6 orcs
  A bat skeleton (D:6)
  3 giant cockroaches (D:3)
  6 goblins
  8 hobgoblins
  3 jackals (D:4)
  7 kobolds
  2 quokkas (D:6)
  A ball python (D:3)
  6 bats
  3 giant newts
  A gnoll skeleton (D:6)
  A kobold zombie (D:6)
  9 rats
  A rat zombie (D:5)
  A bush (D:1)
  A plant (D:1)
92 creatures vanquished.

Vanquished Creatures (collateral kills)
  Menkaure (D:4)
  An orc warrior (D:6)
  An ice beast (D:5)
  2 ogres (D:4)
  2 centaurs
  2 slaves (D:6)
  A giant frog (D:5)
  Blork the orc (D:5)
  Dowan (D:6)
  2 orc priests
  A jelly (D:5)
  2 worker ants
  Terence (D:2)
  3 gnolls
  A giant mite (D:2)
  6 adders
  2 worms (D:2)
  An adder skeleton (D:7)
  A giant gecko (D:1)
  An ooze (D:5)
  14 orcs
  6 bats
  4 hobgoblins
  A jackal (D:4)
  2 quokkas
  A giant cockroach (D:4)
  A giant newt (D:5)
  A gnoll skeleton (D:4)
  7 goblins
  A goblin skeleton (D:4)
  A hobgoblin skeleton (D:6)
  A jackal skeleton (D:6)
  14 kobolds
  8 rats
95 creatures vanquished.

Vanquished Creatures (others)
  2 ice beasts
  10 crimson imps
  2 iron imps
  4 shadow imps
  17 white imps
  A grey rat (D:1)
  2 jackals (D:4)
  A kobold (D:6)
  2 quokkas
  A rat (D:1)
42 creatures vanquished.

Grand Total: 229 creatures vanquished

Notes
Turn   | Place    | Note
--------------------------------------------------------------
     0 | D:1      | Chiseanne, the Demigod Summoner, began the quest for the Orb.
     0 | D:1      | Reached XP level 1. HP: 14/14 MP: 5/5
   431 | D:1      | Reached skill level 4 in Summonings
   431 | D:1      | Reached XP level 2. HP: 10/20 MP: 2/6
   662 | D:1      | Learned a level 2 spell: Call Imp
  2564 | D:2      | Noticed Terence
  2575 | D:2      | Killed Terence
  2575 | D:2      | Reached XP level 3. HP: 26/26 MP: 1/9
  4050 | D:3      | Noticed a phantom
  4184 | D:3      | Killed a phantom
  4184 | D:3      | Reached XP level 4. HP: 7/33 MP: 1/12
  4436 | D:3      | Learned a level 3 spell: Call Canine Familiar
  4439 | D:3      | Gained mutation: You are resistant to hostile enchantments. [potion of mutation]
  4439 | D:3      | Gained mutation: Space occasionally distorts in your vicinity. [potion of mutation]
  4439 | D:3      | Gained mutation: You are weak. (Str -2) [potion of mutation]
  4667 | D:3      | Reached XP level 5. HP: 21/38 MP: 1/13
  5411 | D:3      | Found a shattered altar of Ashenzari.
  5455 | D:3      | Reached skill level 1 in Fighting
  5521 | D:3      | Learned a level 4 spell: Summon Ice Beast
  5839 | D:4      | Noticed Menkaure
  5858 | D:4      | Killed Menkaure
  5858 | D:4      | Reached skill level 1 in Armour
  5858 | D:4      | Reached skill level 5 in Summonings
  6035 | D:4      | Found a staircase to the Ecumenical Temple.
  6061 | Temple   | Entered the Ecumenical Temple
  6368 | D:4      | Noticed an ogre
  6388 | D:4      | Killed an ogre
  6388 | D:4      | Reached XP level 6. HP: 45/45 MP: 0/17
  6715 | D:4      | Noticed an ogre
  6728 | D:4      | Killed an ogre
  7136 | D:5      | Entered Level 5 of the Dungeon
  7264 | D:5      | Found a blossoming altar of Fedhas.
  7270 | D:5      | Noticed Blork the orc
  7274 | D:5      | Killed Blork the orc
  7274 | D:5      | Reached skill level 1 in Polearms
  7863 | D:5      | Reached XP level 7. HP: 51/51 MP: 13/19
  8194 | D:6      | Noticed Dowan
  8196 | D:6      | Noticed Duvessa
  8220 | D:6      | Killed Duvessa
  8268 | D:6      | Killed Dowan
  8403 | D:6      | Noticed Pikel
  8953 | D:6      | Reached skill level 6 in Summonings
  9649 | D:6      | Noticed Grinder
  9688 | D:6      | Killed Grinder
  9688 | D:6      | Reached XP level 8. HP: 34/59 MP: 13/22
  9818 | D:6      | Learned a level 4 spell: Summon Scorpions
  9966 | D:6      | Killed Pikel
  9966 | D:6      | Reached skill level 5 in Spellcasting
 10095 | D:6      | Found a glowing golden altar of the Shining One.
 10115 | D:6      | Found a burning altar of Makhleb.
 10124 | D:6      | Found a white marble altar of Elyvilon.
 10124 | D:6      | Paralysed by a giant eyeball for 3 turns
 10506 | D:7      | Noticed Joseph
 10612 | D:7      | Slain by Joseph

Action                   |  1- 3 |  4- 6 |  7- 9 || total
-------------------------+-------+-------+-------++-------
Melee: Unarmed           |     7 |       |       ||     7
       Short sword       |   373 |       |       ||   373
       Falchion          |    46 |       |       ||    46
       Spear             |    10 |   114 |   180 ||   304
 Cast: Summon Small Mamm |    13 |     1 |       ||    14
       Call Imp          |    47 |    92 |    85 ||   224
       Call Canine Famil |       |     2 |     1 ||     3
       Summon Ice Beast  |       |       |     7 ||     7
Evoke: Wand              |     2 |     2 |    10 ||    14
  Use: Scroll            |    10 |     7 |     5 ||    22
       Potion            |     6 |     5 |     6 ||    17
 Stab: Distracted        |     1 |       |     2 ||     3
       Sleeping          |     1 |     2 |     1 ||     4
